[Event "Early-Titled-Tuesday-Blitz-September-12-2023"]
[Site "Chess.com"]
[Date "2023.09.12"]
[Round "8"]
[White "Jenia84"]
[Black "MikeSailer"]
[Result "1-0"]
[WhiteElo "2368"]
[BlackElo "2172"]
[TimeControl "180+1"]
[EndTime "9:29:27 PDT"]
[Termination "Jenia84 won by resignation"]

1. e4 d5 2. exd5 Qxd5 3. d4 Nc6 4. Nf3 Bg4 5. Be3 O-O-O 6. c3 Nf6 7. Nbd2 e5 8. Bc4 Qd7 9. Qa4 exd4 10. Nxd4 Nxd4 11.
Qxd7+ Rxd7 12. Bxd4 Re7+ 13. Be3 Be6 14. O-O Bxc4 15. Nxc4 Nd7 16. Rfe1 Re6 17. Kf1 Bc5 18. Bxc5 Nxc5 19. Rxe6 Nxe6 20. Re1 Rd8 21. Ne5 f6 22. Nc6 bxc6 23. Rxe6 Rd2 24. Rxc6 Rxb2 25. a4 Kb7 26.
Rc4 Kb6 27. g3 c5 28. h4 Kc6 29. h5 Kd5 30. Rg4 Rb7 31. Kg2 Rf7 32. a5 c4 33. Rd4+ Kc5 34. f4 a6 35. Re4 Rd7 36. Kh3 h6 37. Kg4 Kb5 38. Kf5 Rd3 39. g4 Rxc3 40.
Kg6 Rg3 41. f5 c3 42. Kxg7 c2 43. Re1 Rxg4+ 44. Kxf6 Rc4 45. Rc1 Kxa5 46. Kg6 Kb4 47. f6 Kb3 48. f7 Rg4+ 49. Kxh6 Rf4 50. Kg7 Kb2 51. Rxc2+ Kxc2 52. f8=Q Rxf8 53. Kxf8 a5 54. h6 a4 55. h7 a3 56. h8=Q a2 57. Qa1 1-0

[Event "Early-Titled-Tuesday-Blitz-September-12-2023"]
[Site "Chess.com"]
[Date "2023.09.12"]
[Round "8"]
[White "jcmesafischer"]
[Black "Pumpkin_in_moonlight"]
[Result "1-0"]
[WhiteElo "2380"]
[BlackElo "2238"]
[TimeControl "180+1"]
[EndTime "9:29:31 PDT"]
[Termination "jcmesafischer won on time"]

1. Nf3 Nf6 2. c4 g6 3. g3 Bg7 4.
Bg2 O-O 5. Nc3 d5 6. cxd5 Nxd5 7. O-O Nb6 8. d4 Nc6 9. d5 Na5 10. e4 c6 11. Bg5 cxd5 12. Nxd5 Nxd5 13. exd5 Bxb2 14.
d6 Qxd6 15. Qxd6 exd6 16. Rab1 Bg7 17. Be7 Re8 18. Bxd6 Be6 19. Rb5 Nc4 20. Bf4 Re7 21.
Ng5 Bf5 22. Bd5 Nb6 23. Bg2 Bd3 24. a4 Bxb5 25. axb5 h6 26. Ne4 Rc8 27. Nd6 Rc2 28.
Nxb7 g5 29. Bb8 Rc8 30. Bxa7 Rcc7 31. Bxb6 Rxb7 32. Bxb7 Rxb7 33. Be3 Rxb5 34. g4 Kh7 35. Rd1 Kg6 36. Rd6+ f6 37. Kg2 Rb4 38. Kg3 h5 39. h3 h4+ 40. Kf3 Rb3 41. Ke4 Rb4+ 42. Bd4 Kf7 43.
Rd7+ Kg6 44. Rd6 Kf7 45. Kf5 Rb5+ 46. Ke4 Kg6 47. f4 gxf4 48. Kxf4 Rb4 49. Ke4 Kf7 50. Rd7+ Kg6 51. Kf3 Rb3+ 52. Be3 Bh6 53. Re7 1-0

[Event "Early-Titled-Tuesday-Blitz-September-12-2023"]
[Site "Chess.com"]
[Date "2023.09.12"]
[Round "8"]
[White "Jospem"]
[Black "sergoy"]
[Result "1-0"]
[WhiteElo "3104"]
[BlackElo "2927"]
[TimeControl "180+1"]
[EndTime "9:29:32 PDT"]
[Termination "Jospem won by resignation"]

1. e4 c5 2. Nf3 d6 3. c3 Nf6 4. h3 g6 5. Bd3 Bg7 6. Bc2 O-O 7.
d4 Nbd7 8. O-O b5 9. e5 Ne8 10. dxc5 Nxc5 11. Qe2 dxe5 12. Nxe5 Qc7 13. Bf4 Nd6 14.
Nd2 Bb7 15. Rfe1 f6 16. Nef3 e5 17. Be3 Kh8 18. Rac1 a6 19. b4 Nd7 20. Bb3 Nb6 21. c4 bxc4 22. Nxc4 Nbxc4 23. Bxc4 Nxc4 24. Rxc4 Qf7 25. Rc5 Rfc8 26. Rd1 Bf8 27. Rxc8 Rxc8 28. Qd2 Qe6 29. Nh2 h5 30. a3 Qc6 31. Nf3 Qe6 32.
Bc5 Bg7 33. Qd7 Qxd7 34. Rxd7 Bc6 35. Ra7 Bb5 36. Nh4 Bd3 37. Rd7 Bc2 38. Rd6 g5 39. Nf3 Ra8 40. Nd2 Ba4 41. Nc4 Be8 42. Nb6 Rb8 43.
Nd5 Bb5 44. Nxf6 Bxf6 45. Rxf6 Re8 46. Rf5 Kh7 47. Rxg5 Be2 48. f3 e4 49. Kf2 exf3 50.
gxf3 Bb5 51. h4 Rd8 52. Rxh5+ Kg6 53. Rg5+ Kf6 54. Kg3 Rd3 55. Rg4 Rxa3 56. h5 Ra1 57.
Bd4+ 1-0

[Event "Early-Titled-Tuesday-Blitz-September-12-2023"]
[Site "Chess.com"]
[Date "2023.09.12"]
[Round "8"]
[White "MaxLeto"]
[Black "nss13"]
[Result "0-1"]
[WhiteElo "2397"]
[BlackElo "2557"]
[TimeControl "180+1"]
[EndTime "9:29:32 PDT"]
[Termination "nss13 won on time"]

1. g4 d5 2. Bg2 c6 3. h3 h5 4. g5 e5 5. d4 e4 6. c4 Ne7 7.
Nc3 Be6 8. Qb3 Qb6 9. c5 Qxb3 10. axb3 Na6 11. f3 exf3 12. Nxf3 Ng6 13. O-O Nc7 14.
b4 a6 15. Nd2 O-O-O 16. Nb3 Be7 17. Bd2 h4 18. Kh2 Rde8 19. Na5 Bd8 20. Rf2 f5 21. gxf6 Bxf6 22. e3 Bd7 23. Bf3 Ne6 24. Rg2 Ng5 25. Bg4 Bxg4 26. Rxg4 Nf8 27. Nxc6 bxc6 28.
Rxa6 Nf3+ 29. Kg2 Nxd2 30. Rxc6+ Kd7 31. Rd6+ Ke7 32. Nxd5+ Kf7 33. b5 Ne4 34. Rc6 Ng5 35.
b6 Nfe6 36. Nf4 Nxf4+ 37. Rxf4 Ne6 38. Re4 Nxd4 39. Rxe8 Rxe8 40. Rc7+ Ke6 41. exd4 Bxd4 42. b4 Ra8 43. b5 Rb8 44. b7 Bxc5 45. Rc6+ Kd5 46.
Rg6 Bd4 47. Rg5+ Kc4 48. Rg4 Rxb7 49. Rxh4 Rxb5 50. Rg4 Rb3 51. h4 Kd5 52. h5 Rb6 53.
Kh3 Rh6 54. Kh4 Bf6+ 55. Kg3 Ke5 0-1

[Event "Early-Titled-Tuesday-Blitz-September-12-2023"]
[Site "Chess.com"]
[Date "2023.09.12"]
[Round "8"]
[White "MatyChess1"]
[Black "Cheer_Down"]
[Result "1-0"]
[WhiteElo "2703"]
[BlackElo "2429"]
[TimeControl "180+1"]
[EndTime "9:29:36 PDT"]
[Termination "MatyChess1 won by resignation"]

1. d4 Nf6 2. Bf4 d5 3. e3 e6 4.
Nf3 c5 5. Nbd2 Nc6 6. c3 cxd4 7. exd4 Nh5 8. Be3 Bd6 9. Bd3 O-O 10. O-O Nf4 11. Bxf4 Bxf4 12. g3 Bd6 13. Re1 f6 14. c4 b6 15. Rc1 Nb4 16. Bb1 dxc4 17. Nxc4 Re8 18. a3 Nd5 19. Qd3 g6 20. h4 Re7 21. h5 gxh5 22. Re4 Rg7 23. Rce1 Bf8 24. Rh4 a5 25. Qd2 b5 26. Ne3 Bb7 27. Ng2 Ne7 28.
Be4 Nd5 29. Nf4 Nxf4 30. Qxf4 Bxe4 31. Qxe4 Ra6 32. Rxh5 b4 33. d5 Qe8 34. Rh2 f5 35. Qxf5 exf5 36. Rxe8 Rd6 37. axb4 Rxd5 38. bxa5 Rxa5 39.
Rb8 Ra1+ 40. Kg2 Rb1 41. Nd4 f4 42. Ne6 Rf7 43. Rxf8+ Rxf8 44. Nxf8 Kxf8 45. gxf4 Kg7 46. Rh5 Rxb2 47. Ra5 Rb7 48. Kg3 Rf7 49. Kg4 Re7 50. Ra6 Rf7 51. Kg5 Re7 52. f3 Rf7 53. f5 h6+ 54. Rxh6 Rxf5+ 55. Kxf5 Kxh6 56. Kf6 Kh7 57. f4 Kg8 58. Kg6 Kf8 59. Kf6 Kg8 60. f5 Kf8 61. Ke6 Ke8 62. f6 Kf8 63. f7 Kg7 64. Ke7 1-0

[Event "Early-Titled-Tuesday-Blitz-September-12-2023"]
[Site "Chess.com"]
[Date "2023.09.12"]
[Round "8"]
[White "wannabe2700"]
[Black "Herzog2012"]
[Result "0-1"]
[WhiteElo "2611"]
[BlackElo "2516"]
[TimeControl "180+1"]
[EndTime "9:29:36 PDT"]
[Termination "Herzog2012 won by checkmate"]

1. b3 e5 2. Bb2 Nc6 3. e3 Nf6 4. Nf3 Bd6 5. d4 exd4 6. exd4 O-O 7. Be2 Ne7 8. O-O c6 9. c4 Bb8 10. d5 Ng6 11. d6 b6 12. Nc3 Bb7 13. b4 a5 14. a3 axb4 15. axb4 Rxa1 16. Bxa1 c5 17. bxc5 bxc5 18. Qd2 Re8 19. Rd1 Re6 20. Nb5 Ne4 21. Qb2 f6 22. Nc7 Bxc7 23. Qxb7 Nxd6 24. Qa7 Rxe2 25.
Qxc5 Ne4 26. Qd5+ Kh8 27. Nd4 Nf4 28. Qb7 Nc5 29. Qb5 Qe7 30. Nxe2 Qxe2 31. Rb1 h5 32. Qxc5 Qe4 33. Qxh5+ Nxh5 34. Rf1 Qxc4 35. g3 Qe4 36. Bb2 Qc6 37. Rc1 Qxc1+ 38. Bxc1 f5 39. Kf1 Kg8 40. Ke2 Kf7 41. Kd3 Ke6 42. Bb2 g6 43.
Kc4 d5+ 44. Kc5 Be5 45. Bc1 Nf6 46. f3 Nd7+ 47. Kc6 d4 48. Kb5 Kd5 49. Kb4 Nc5 50.
Kb5 d3 51. Bd2 Nb3 52. Be3 d2 53. Bxd2 Nxd2 54. Kb4 Nxf3 55. h3 Bxg3 56. Kc3 Ke4 57. Kc2 f4 58. Kd1 Nd4 59. Kd2 f3 60. h4 f2 61. h5 f1=Q 62. Kc3 Qd3+ 63. Kb4 Bd6+ 64. Ka5 Qb5# 0-1

[Event "Early-Titled-Tuesday-Blitz-September-12-2023"]
[Site "Chess.com"]
[Date "2023.09.12"]
[Round "8"]
[White "FMStan15"]
[Black "LangesNasenhaar"]
[Result "0-1"]
[WhiteElo "2092"]
[BlackElo "2461"]
[TimeControl "180+1"]
[EndTime "9:29:36 PDT"]
[Termination "LangesNasenhaar won on time"]

1. e4 g6 2. d4 Bg7 3. Bc4 c6 4. d5 Nf6 5. Nc3 b5 6. Bb3 b4 7. Na4 Nxe4 8. dxc6 Nxc6 9. Bd5 Nf6 10. Bxc6 dxc6 11.
Qxd8+ Kxd8 12. Nf3 Bf5 13. Ne5 Ke8 14. Nxc6 Bxc2 15.
b3 Nd5 16. Bb2 Bxb2 17. Nxb2 a5 18. O-O e6 19. Rac1 Bf5 20. Rc5 Kd7 21. Nxa5 Rhc8 22.
Rfc1 Rxc5 23. Rxc5 Rc8 24. Rxc8 Kxc8 25. Nac4 Kd7 26.
Ne3 Nxe3 27. fxe3 Bb1 28. Kf2 Bxa2 29. Nd3 Bxb3 30. Nxb4 Kd6 31. Nd3 f5 32. g3 e5 33.
h4 Bd5 34. Nb4 Be4 35. Na2 Kc5 36. Nc3 Kc4 37. Ne2 Bd3 38. Ng1 Be4 39. Nh3 h6 40. Ng1 Kd5 41. Ne2 Kc4 42. Ng1 Bd5 43. Ne2 Be6 44.
Ng1 g5 45. hxg5 hxg5 46. Ne2 Kd3 47. Ng1 Ke4 48. Nf3 g4 49. Ng1 Bd5 50. Ne2 Kd3 51. Ng1 Kd2 52. Ne2 Be4 53. Ng1 Bd3 54. e4 Bxe4 55.
Ne2 Bd3 56. Ng1 f4 57. gxf4 exf4 58. Kg2 Ke3 59. Kh2 Be4 0-1

[Event "Early-Titled-Tuesday-Blitz-September-12-2023"]
[Site "Chess.com"]
[Date "2023.09.12"]
[Round "8"]
[White "Beca95"]
[Black "hansen"]
[Result "0-1"]
[WhiteElo "2962"]
[BlackElo "2905"]
[TimeControl "180+1"]
[EndTime "9:29:38 PDT"]
[Termination "hansen won by resignation"]

1. d4 Nf6 2. c4 e6 3. Nc3 Bb4 4. Qc2 O-O 5. a3 Bxc3+ 6. Qxc3 d5 7. Nf3 dxc4 8. Qxc4 b6 9. h4 Ba6 10. Qc2 h6 11. Rg1 Nfd7 12. g4 Re8 13. g5 h5 14.
g6 f6 15. Qe4 c6 16. Bf4 Nf8 17. Rc1 Qd5 18. Qxd5 cxd5 19. Bh3 Nbd7 20. Kd2 Rac8 21. Bd6 Bb5 22. e3 a5 23. Rxc8 Rxc8 24. Ne1 Rc6 25.
Bxf8 Kxf8 26. Bf1 Bxf1 27. Rxf1 Ke7 28. Nd3 e5 29. b4 Rc4 30. bxa5 bxa5 31. Nb2 Rc6 32.
Nd3 Rc4 33. Nb2 Rc6 34. Nd3 Ke6 35. f4 exd4 36. f5+ Kd6 37. exd4 Rc4 38. Ke3 Rc3 39.
Ra1 Nb8 40. Kd2 Rc4 41. Nf4 Rxd4+ 42. Ke3 Re4+ 43. Kf3 Nc6 44. Nxh5 Nd4+ 45. Kf2 Nxf5 46. Rh1 Ke5 47. Rh3 a4 48. Rh1 d4 49. Rb1 Rxh4 50. Rb5+ Ke4 51. Ng3+ Nxg3 52. Kxg3 Rh6 53.
Rb4 Rxg6+ 54. Kf2 Rh6 55. Rxa4 f5 56. Ra7 g5 57. Re7+ Kf4 58. Rd7 Rh2+ 59. Ke1 Ke3 60. Rd5 d3 61. Re5+ Kf4 62. Rd5 Ke4 63. Rd8 g4 64. Kd1 g3 0-1

[Event "Early-Titled-Tuesday-Blitz-September-12-2023"]
[Site "Chess.com"]
[Date "2023.09.12"]
[Round "8"]
[White "aghasiyevkamal"]
[Black "MightyGMpretender"]
[Result "0-1"]
[WhiteElo "2558"]
[BlackElo "2797"]
[TimeControl "180+1"]
[EndTime "9:29:38 PDT"]
[Termination "MightyGMpretender won on time"]

1. d4 Nf6 2. c4 e6 3. Nf3 d5 4. g3 c6 5. Nbd2 Ne4 6. Bg2 Bd6 7. O-O f5 8. Qc2 O-O 9. b3 Nd7 10. Bb2 Qf6 11. e3 g5 12. Nxe4 fxe4 13. Nd2 g4 14. Rac1 Qg7 15. b4 Bxb4 16. cxd5 Bxd2 17. Qxd2 exd5 18.
Ba3 Rf6 19. Qe2 Nb6 20. Bc5 Be6 21. Bd6 Rf5 22. Bf4 Re8 23. Qd2 Nc4 24. Qb4 b6 25.
Rfd1 h5 26. Qa4 b5 27. Qb4 a5 28. Qc5 Rc8 29. Bf1 Qd7 30. a4 b4 31. Bxc4 dxc4 32. Be5 Qd5 33. Qe7 Qd7 34. Qh4 Re8 35. Bf4 Ref8 36.
d5 Bxd5 37. Rxc4 Qd8 38. Qxd8 Rxd8 39. Rxc6 Bxc6 40. Rxd8+ Kf7 41. Rc8 Bd7 42. Rc7 Rd5 43. Kg2 Ke6 44. Rb7 Bxa4 45. h3 Bd1 46. hxg4 hxg4 47. Rb6+ Kd7 48. Kf1 Bf3 49. Rb7+ Kc6 50. Rc7+ Kb6 51. Rc1 a4 52. Ke1 a3 53. Bc7+ Kb5 0-1

[Event "Early-Titled-Tuesday-Blitz-September-12-2023"]
[Site "Chess.com"]
[Date "2023.09.12"]
[Round "8"]
[White "Boundless_Strike"]
[Black "MdImranCM"]
[Result "0-1"]
[WhiteElo "2611"]
[BlackElo "2501"]
[TimeControl "180+1"]
[EndTime "9:29:40 PDT"]
[Termination "MdImranCM won by checkmate"]

1. d3 d5 2. e4 dxe4 3. Nc3 Nf6 4. Bg5 e6 5. Qd2 h6 6. Bh4 exd3 7. Bxd3 Be7 8. O-O-O Nbd7 9. Nf3 Ng4 10. h3 Bxh4 11.
hxg4 Be7 12. g5 h5 13. g6 f6 14. Qe2 c6 15. Bc4 Qa5 16. Bxe6 Ne5 17. Bxc8 Rxc8 18. Rhe1 Rd8 19. Rxd8+ Kxd8 20. Nxe5 fxe5 21. Qxe5 Qxe5 22. Rxe5 Rh6 23. g3 h4 24. gxh4 Bxh4 25. Re4 Rxg6 26.
Rxh4 Rg1+ 27. Kd2 Kc7 28. Ne4 a5 29. a4 b5 30. axb5 cxb5 31. Rh5 Kc6 32. Rg5 Rh1 33.
Rxg7 b4 34. c3 Kb5 35. cxb4 axb4 36. Rb7+ Kc4 37. Ke3 Re1+ 38. Kf4 Re2 39. f3 Rxb2 40. Ke5 b3 41. f4 Re2 42. f5 b2 43. f6 Kd3 44.
Re7 Rxe4+ 45. Kd6 Rd4+ 46. Ke6 b1=Q 47. f7 Qb3+ 48. Kf6 Rf4+ 49. Kg7 Qc3+ 50. Kf8 Qc8+ 51. Re8 Qc5+ 52. Re7 Re4 53. Kg7 Qxe7 54. Kh8 Rh4+ 55. Kg7 Rg4+ 56. Kh6 Qh4# 0-1

[Event "Early-Titled-Tuesday-Blitz-September-12-2023"]
[Site "Chess.com"]
[Date "2023.09.12"]
[Round "8"]
[White "ferrufino64"]
[Black "masterofpuppets2"]
[Result "0-1"]
[WhiteElo "2284"]
[BlackElo "2507"]
[TimeControl "180+1"]
[EndTime "9:29:42 PDT"]
[Termination "masterofpuppets2 won by resignation"]

1. e4 c5 2. Nf3 Nc6 3. Bb5 e6 4. c4 Nge7 5. O-O a6 6. Ba4 Qc7 7. Nc3 Ng6 8. d3 Be7 9. Be3 O-O 10. Rc1 b6 11. d4 cxd4 12. Nxd4 Nxd4 13. Bxd4 Bb7 14. Re1 d6 15. Bc2 Rac8 16. Bd3 Rfd8 17. Be3 Ne5 18. b3 Ba8 19. Be2 Qb8 20. f3 Bc6 21.
Qd4 Nd7 22. Qd2 Bf6 23. Red1 b5 24. cxb5 axb5 25. Bd4 Be7 26. Bf1 Qb7 27. Ne2 b4 28.
Be3 Nc5 29. Nd4 Be8 30. Bc4 Ra8 31. Rc2 Kh8 32. Qf2 Ra5 33. Bd2 Rda8 34. a4 Rc8 35.
Be3 Raa8 36. Rcd2 Nxa4 37. Rf1 Nc5 38. h4 Rcb8 39. h5 h6 40. g4 Ra3 41. Nc2 Ra2 42.
Bxc5 dxc5 43. Ne3 Rxd2 44. Qxd2 Rd8 45. Qe2 Bg5 46. Ng2 Qd7 47. f4 Be7 48. g5 hxg5 49. f5 exf5 50. exf5 Bf6 51. h6 Qd4+ 52. Kh1 Qe5 53.
hxg7+ Kxg7 54. Qh5 Rd2 55. Rg1 Qg3 56. Ne1 Qf4 57. Ng2 Qg3 58. Bd5 Rxd5 59. Nf4 Qxf4 60. Qh2 Qxh2+ 61. Kxh2 Rd2+ 62. Rg2 Rxg2+ 63. Kxg2 Be5 0-1

[Event "Early-Titled-Tuesday-Blitz-September-12-2023"]
[Site "Chess.com"]
[Date "2023.09.12"]
[Round "8"]
[White "Witik"]
[Black "whiteglovethief"]
[Result "1-0"]
[WhiteElo "2733"]
[BlackElo "2546"]
[TimeControl "180+1"]
[EndTime "9:29:44 PDT"]
[Termination "Witik won by checkmate"]

1. d4 Nf6 2. c4 c5 3. d5 b5 4. cxb5 a6 5. b6 e6 6. Nc3 exd5 7. Nxd5 Nxd5 8. Qxd5 Nc6 9. e3 Rb8 10. Bc4 Qf6 11. Ne2 Nb4 12. Qd1 d5 13. a3 dxc4 14.
axb4 cxb4 15. Qa4+ Bd7 16. Qxa6 Qxb6 17. Qxc4 Be7 18. Qe4 Bc6 19. Qe5 f6 20. Qh5+ g6 21. Qh6 Bxg2 22. Rg1 Be4 23. Nd4 Kf7 24. Bd2 Rbd8 25.
Qf4 Bd3 26. Nf3 Kg7 27. h4 Rhe8 28. h5 Bd6 29. h6+ Kf7 30. Qh4 Bc5 31. Qf4 b3 32. Rc1 Kg8 33. Rg3 Re4 34. Qf5 Bb4 35. Rxg6+ Kh8 36. Qxf6+ Qxf6 37. Rxf6 Bxd2+ 38. Nxd2 Re7 39. Nxb3 Bg6 40. Nc5 Rc7 41. b4 Rb8 42. Rf4 Rc6 43. Kd2 Rcb6 44. Rcc4 Bf7 45. Rcd4 Bg8 46. Rfe4 Rxh6 47.
Rh4 Rg6 48. f4 Rg7 49. f5 Bf7 50. f6 Rg2+ 51. Kc3 Rg3 52. Rde4 Bg6 53. Re7 Rg2 54.
e4 Re2 55. e5 Re3+ 56. Kd4 Re1 57. Nd7 Rd1+ 58. Kc5 Rc8+ 59. Kb6 Rd5 60. e6 Rd8 61. f7 Rd6+ 62. Kc5 Bxf7 63. Rxf7 Rxe6 64. Rhxh7+ Kg8 65. Rfg7# 1-0

[Event "Early-Titled-Tuesday-Blitz-September-12-2023"]
[Site "Chess.com"]
[Date "2023.09.12"]
[Round "8"]
[White "Bugcrusher"]
[Black "lamomiajunior"]
[Result "0-1"]
[WhiteElo "2451"]
[BlackElo "2695"]
[TimeControl "180+1"]
[EndTime "9:29:47 PDT"]
[Termination "lamomiajunior won by resignation"]

1. d4 Nf6 2. c4 e6 3. Nf3 d5 4. g3 Bb4+ 5. Bd2 a5 6. Bg2 O-O 7.
O-O dxc4 8. Qc2 Bxd2 9. Nbxd2 b5 10. a4 c6 11. b3 c3 12. Qxc3 b4 13. Qc2 Ba6 14. Nc4 Nd5 15. Nfe5 Nc3 16. e3 Qc7 17. h4 f6 18. Nd3 Nd7 19. Bh3 Rae8 20. Nf4 f5 21.
Rfe1 c5 22. Qd3 Nb6 23. Bf1 Nxc4 24. bxc4 e5 25. dxe5 Qxe5 26. Qd7 Qe7 27. Qc6 Rf6 28. Qf3 Rd6 29. Bh3 g6 30. h5 Bb7 31. Nd5 Nxd5 32. cxd5 Bxd5 33. Qf4 Be4 34. Rad1 Red8 35. Rxd6 Rxd6 36.
hxg6 hxg6 37. Qh6 c4 38. Bf1 Bd3 39. Bxd3 cxd3 40. Rd1 Qf6 41. Qf4 Kg7 42. Kg2 Qe6 43.
Rh1 Qe4+ 44. f3 Qxf4 45. gxf4 d2 46. Rd1 b3 47. Kf2 b2 48. Ke2 Rb6 49. Rb1 Rd6 50. Kd1 Rd3 51. Rxb2 Rxe3 52. Rxd2 Rxf3 53. Rd5 Rxf4 54.
Rxa5 Re4 55. Kd2 f4 56. Ra8 f3 57. Ra7+ Kf6 58. Ra8 Kf5 59. a5 Kg4 60. a6 Kg3 61. a7 Ra4 62. Rg8 Rxa7 63. Rxg6+ Kf2 64. Rf6 Rd7+ 65.
Kc2 Ke2 66. Re6+ Kf1 67. Rf6 f2 68. Kc3 Rg7 69. Kd3 Kg1 70. Ke2 Re7+ 0-1

[Event "Early-Titled-Tuesday-Blitz-September-12-2023"]
[Site "Chess.com"]
[Date "2023.09.12"]
[Round "8"]
[White "Nekoo04"]
[Black "Maus7"]
[Result "0-1"]
[WhiteElo "2281"]
[BlackElo "2472"]
[TimeControl "180+1"]
[EndTime "9:29:50 PDT"]
[Termination "Maus7 won by resignation"]

1. d4 Nf6 2. c4 c6 3. Nf3 d5 4.
g3 dxc4 5. Bg2 e6 6. Ne5 Bb4+ 7. Bd2 Be7 8. e3 b5 9. Nxc6 Nxc6 10. Bxc6+ Bd7 11.
Bxa8 Qxa8 12. O-O e5 13. dxe5 Bh3 14. f3 Ng4 15. Nc3 a6 16. a4 b4 17. Ne4 Nxe5 18.
Rf2 O-O 19. Qc2 Rc8 20. Bxb4 Bxb4 21. Ng5 Nd3 22. Nxh3 Nxf2 23. Kxf2 c3 24. Rc1 h6 25. bxc3 Rxc3 26. Qb2 Rxc1 27. Qxc1 a5 28. Nf4 Qd8 29. Qc2 Qd7 30. Kg2 g6 31. Ne2 h5 32. Nd4 Bf8 33.
Qc6 Qd8 34. Nb5 Bb4 35. Nc7 Qd2+ 36. Kh3 Qxe3 37. Nd5 Qe6+ 38. Qxe6 fxe6 39. Nc7 Kf7 40. Kg2 Kf6 41. Kf2 Ke5 42. Ke2 Kd6 43. Ne8+ Kd7 44.
Nf6+ Kc6 45. Kd3 Be7 46. Ne4 Kd5 47. Nc3+ Kc5 48. Nb5 Kb4 49. Nc7 e5 50. Nd5+ Kxa4 51. Nxe7 Kb3 52. Nxg6 a4 53. Nxe5 a3 54. Nc4 a2 55.
Nd2+ Ka4 56. Ne4 a1=Q 57. Nc3+ Ka5 0-1

[Event "Early-Titled-Tuesday-Blitz-September-12-2023"]
[Site "Chess.com"]
[Date "2023.09.12"]
[Round "8"]
[White "Amirreza_p"]
[Black "vladoboch"]
[Result "1-0"]
[WhiteElo "2562"]
[BlackElo "2414"]
[TimeControl "180+1"]
[EndTime "9:29:51 PDT"]
[Termination "Amirreza_p won by checkmate"]

1. Nf3 c5 2. c4 Nc6 3. g3 g6 4. b3 Bg7 5. Nc3 e5 6. Bb2 Nge7 7. d3 d6 8. Bg2 O-O 9. O-O Be6 10. Ng5 Bd7 11.
Nge4 Be6 12. Ng5 Bc8 13. a3 h6 14. Nf3 Be6 15. Nd2 Rb8 16. Ncb1 a6 17. Nc3 b5 18. Rb1 Kh7 19. Nd5 f5 20. e3 bxc4 21. bxc4 Bg8 22. Bc3 Nxd5 23. cxd5 Ne7 24. e4 Qd7 25. Nc4 f4 26. f3 Bf6 27. Rxb8 Rxb8 28. gxf4 Rb3 29. fxe5 Rxc3 30. exf6 Nc8 31. Qd2 Rb3 32. Qc2 Rb7 33. Rb1 Rxb1+ 34. Qxb1 Qf7 35. Qb8 Qxf6 36. Qxc8 Qd4+ 37.
Kf1 Qxd3+ 38. Kf2 Qc2+ 39. Kg3 Qxc4 40. Qd7+ Kh8 41. Qxd6 Qc3 42. Qxg6 c4 43. Qxh6+ Bh7 44. Qf8+ Bg8 45. d6 Qe5+ 46. f4 Qc3+ 47. Bf3 Qe1+ 48. Kg4 Qg1+ 49. Kf5 Kh7 50. Qe7+ Kh8 51. d7 Bh7+ 52.
Qxh7+ Kxh7 53. d8=Q Qg6+ 54. Ke5 c3 55. Qc7+ Kh6 56.
f5 Qg5 57. Qc6+ Kh7 58. Qxc3 Qg7+ 59. f6 Qg5+ 60. Ke6 Qb5 61. Qc7+ Kh6 62. Qg7# 1-0

[Event "Early-Titled-Tuesday-Blitz-September-12-2023"]
[Site "Chess.com"]
[Date "2023.09.12"]
[Round "8"]
[White "falzehope0"]
[Black "The_Princess_Moon"]
[Result "0-1"]
[WhiteElo "2417"]
[BlackElo "2276"]
[TimeControl "180+1"]
[EndTime "9:29:54 PDT"]
[Termination "The_Princess_Moon won by checkmate"]

1. d4 c5 2. e3 Nf6 3. c3 cxd4 4. exd4 d6 5. Bd3 g6 6. f4 Bg7 7.
Nf3 O-O 8. O-O Nc6 9. Qe1 Rb8 10. Nbd2 b5 11. a3 a5 12. b4 axb4 13. axb4 Bb7 14. f5 Qb6 15. Qh4 Ra8 16. Rxa8 Rxa8 17. fxg6 hxg6 18.
Ng5 Nb8 19. Nde4 Bxe4 20. Bxe4 Ra1 21. Bd5 e6 22. Bb3 Nbd7 23. h3 d5 24. Kh2 Qc7+ 25. Bf4 Qxc3 26. Rxa1 Qxa1 27. Be5 Qb2 28. Bd1 Qxb4 29. Be2 Nxe5 30. Qf4 Ned7 31. Qc7 Qd2 32. Bxb5 Nf8 33. Qxf7+ Kh8 34. Nf3 Qf4+ 35. Kh1 Qc1+ 36.
Kh2 Qf4+ 37. Kg1 Qe3+ 38. Kh1 Ne4 39. Bd7 Ng3+ 40. Kh2 Nf1+ 41. Kh1 Ng3+ 42. Kh2 Nf5 43. Bb5 Qf4+ 44. Kh1 Ng3+ 45. Kh2 Qxf7 46. Kxg3 Bh6 47. Kf2 Qf4 48. Kf1 e5 49. dxe5 Qc1+ 50.
Kf2 Ne6 51. Bd7 Be3+ 52. Kg3 Nd4 53. Kg4 Nxf3 54. Kxf3 d4 55. Ke4 Bg5 56. e6 d3 57. Kxd3 Qd2+ 58. Ke4 Qd6 59. Kf3 Qe7 60.
g3 Bf6 61. h4 Kg7 62. Kg4 Qd6 63. Kh3 Be5 64. Kg4 Bxg3 65. Kf3 Bxh4 66. Ke4 Be7 67. Ke3 Kf6 68. Kf3 Ke5 69. Ke3 g5 70. Kf3 Qd4 71. Ke2 Qf4 72. Kd3 g4 73. Ke2 Qf3+ 74.
Ke1 g3 75. Bb5 Qf2+ 76. Kd1 g2 77. Be2 g1=Q+ 78. Kd2 Qge1+ 79. Kd3 Qfxe2# 0-1

[Event "Early-Titled-Tuesday-Blitz-September-12-2023"]
[Site "Chess.com"]
[Date "2023.09.12"]
[Round "8"]
[White "Lennis93"]
[Black "masnyszachistaaa"]
[Result "0-1"]
[WhiteElo "2715"]
[BlackElo "2561"]
[TimeControl "180+1"]
[EndTime "9:29:55 PDT"]
[Termination "masnyszachistaaa won by checkmate"]

1. g3 e5 2. Bg2 d5 3. c4 dxc4 4. Na3 Nf6 5. Nxc4 Bd6 6. Nf3 Nc6 7. O-O O-O 8. d4 e4 9. Nfd2 Re8 10. d5 Nb4 11. a3 Na6 12. Nxd6 cxd6 13. Nc4 Bg4 14. h3 Bh5 15. Bf4 Nc7 16. Nxd6 Re7 17. Nxb7 Qxd5 18. Nd6 Rd7 19. g4 Bg6 20. Qxd5 Ncxd5 21. Bg3 Rad8 22. g5 Nh5 23. Nxe4 Nxg3 24. Nxg3 Nf4 25.
h4 Rd2 26. Bf3 Rxb2 27. Rfd1 Rdb8 28. Rd4 Ne6 29. Rd7 a5 30. h5 Bc2 31. Rd5 Bb1 32.
Rxa5 Nd4 33. Bd5 Nc2 34. Rxb1 Rxb1+ 35. Kg2 R1b5 36. Rxb5 Rxb5 37. e4 Nxa3 38. g6 hxg6 39. hxg6 Kf8 40. gxf7 Rc5 41. Nf5 Nb5 42. Kg3 Nc7 43. Ba2 Rc2 44. Bb1 Rc3+ 45. Ne3 Kxf7 46. Kf4 Ne6+ 47. Ke5 Ra3 48. Bc2 Nc5 49. f4 Nd3+ 50.
Kd4 Nb4 51. Bd1 Nc6+ 52. Kc5 Rxe3 53. Kxc6 Rxe4 54. Bb3+ Kf6 55. Bc2 Rxf4 56. Kd5 g5 57. Bd3 g4 58. Be2 g3 59. Bd3 Rf2 60. Be4 g2 61.
Bxg2 Rxg2 62. Ke4 Rg4+ 63. Kf3 Ra4 64. Ke3 Ke5 65. Kd3 Rh4 66. Kc3 Kd5 67. Kd2 Kd4 68.
Ke2 Rh3 69. Kf2 Ra3 70. Kg2 Ke4 71. Kf2 Rb3 72. Ke1 Rb2 73. Kd1 Kd3 74. Kc1 Rh2 75.
Kb1 Kc3 76. Kc1 Rh1# 0-1

[Event "Early-Titled-Tuesday-Blitz-September-12-2023"]
[Site "Chess.com"]
[Date "2023.09.12"]
[Round "8"]
[White "Sanan_Sjugirov"]
[Black "amintabatabaei"]
[Result "1/2-1/2"]
[WhiteElo "2933"]
[BlackElo "3051"]
[TimeControl "180+1"]
[EndTime "9:29:58 PDT"]
[Termination "Game drawn by repetition"]

1. e4 e5 2. Nf3 Nc6 3. Bc4 Nf6 4. d3 Bc5 5. a4 d6 6. O-O O-O 7. c3 a6 8. h3 h6 9. a5 Re8 10. Be3 Bxe3 11. fxe3 Be6 12. Bxe6 Rxe6 13. Nbd2 d5 14. exd5 Qxd5 15. Qc2 Rd8 16. d4 exd4 17. exd4 Re2 18. b4 Rde8 19. Rae1 Nh5 20. Rxe2 Rxe2 21. Re1 Qe6 22. Rxe2 Qxe2 23. Qe4 Qxe4 24. Nxe4 Nf4 25.
Kf2 f6 26. h4 Kf7 27. g4 h5 28. gxh5 Nxh5 29. Ke3 Nd8 30. d5 f5 31. Neg5+ Ke7 32. c4 Nf6 33. Kf4 c6 34. Ke5 cxd5 35. cxd5 Ng4+ 36. Kxf5 Ne3+ 37. Ke5 Nc2 38. Nd4 Nxb4 39. Nf5+ Kf8 40. Kd6 g6 41. Nd4 Nf7+ 42. Nxf7 Kxf7 43. Kc5 Nd3+ 44. Kb6 Ke7 45. Ne6 Kd6 46. Nf8 Ne5 47.
Kxb7 Kxd5 48. Kxa6 Kc6 49. Ka7 Kc7 50. a6 Nc6+ 51.
Ka8 Ne7 52. Ne6+ Kc8 53. Ka7 Nd5 54. Ng5 Kc7 55. Ne4 Ne7 56. Ng3 Nc8+ 57. Ka8 Nb6+ 58. Ka7 Nc8+ 59. Ka8 Nb6+ 60. Ka7 Nd5 61. Ne4 Ne7 62.
Ka8 Nc8 63. Nc3 Nb6+ 64. Ka7 Nc8+ 65. Ka8 Nb6+ 66. Ka7 Nc8+ 67. Ka8 1/2-1/2

[Event "Early-Titled-Tuesday-Blitz-September-12-2023"]
[Site "Chess.com"]
[Date "2023.09.12"]
[Round "8"]
[White "EvgenyBurmakin"]
[Black "Boxerandchessplayer"]
[Result "1/2-1/2"]
[WhiteElo "2267"]
[BlackElo "2117"]
[TimeControl "180+1"]
[EndTime "9:29:59 PDT"]
[Termination "Game drawn - insufficient material"]

1. e4 e6 2. d4 d5 3. Nd2 dxe4 4. Nxe4 Nd7 5. Nf3 Ngf6 6. Nxf6+ Nxf6 7. Bd3 Be7 8. Qe2 O-O 9. Bg5 g6 10. O-O-O b6 11.
h4 Bb7 12. Bh6 Re8 13. h5 Bxf3 14. Qxf3 Qd5 15. Qxd5 Nxd5 16. Rh3 Bf8 17. Bd2 Bg7 18. c3 a6 19. Rdh1 b5 20. hxg6 hxg6 21. Re1 Red8 22. Rh4 c5 23. dxc5 Nxc3 24. Bxc3 Bxc3 25. bxc3 Rxd3 26.
Reh1 Kg7 27. Rh7+ Kf6 28. Kc2 Rd5 29. R1h3 Rxc5 30. Rd3 Rac8 31. Rd7 R8c7 32. Rxc7 Rxc7 33. Kd3 Ke5 34. g3 Kd5 35. Rh8 e5 36. Rd8+ Ke6 37.
Ra8 Rc6 38. g4 Kf6 39. Ra7 Kg5 40. Rxf7 Kxg4 41. Kd2 g5 42. Kd3 Rc4 43. f3+ Kg3 44. Rf5 g4 45. fxg4 Kxg4 46. Rxe5 Kf4 47. Re6 Ra4 48.
Rb6 Rxa2 49. Rd6 Ke5 50. Rd4 Ra1 51. Rh4 Rd1+ 52. Kc2 Rd6 53. Rh5+ Ke6 54. Kb3 Rc6 55. Rg5 Kd6 56. Rh5 Rc5 57. Rh6+ Kc7 58. Rxa6 Rc6 59.
Rxc6+ Kxc6 60. c4 Kc5 61. cxb5 Kxb5 1/2-1/2